 Dungeon Sprint DCSS version 0.19-b1-4-gd8a0a2a (webtiles) character file.

2018 varam the Grappler (level 9, -5/80 HPs)
             Began as a Troll Fighter on Oct 30, 2016.
             Was a Follower of Cheibriados.
             Slain by a centaur warrior (8 damage)
             ... in the Dungeon (Sprint I: "Red Sonja").
             The game lasted 00:03:01 (497 turns).

varam the Grappler (Troll Fighter)                   Turns: 497, Time: 00:03:02

Health: -5/80      AC:  5    Str: 28    XL:     9   Next: 3%
Magic:  8/8        EV: 14    Int:  6    God:    Cheibriados [*.....]
Gold:   369        SH: 12    Dex: 14    Spells: 0 memorised, 8 levels left

rFire  . . .     SeeInvis .       - Unarmed
rCold  . . .     Gourm    +     a - +0 robe
rNeg   . . .     Faith    .     b - +0 shield
rPois  .         Spirit   .     (helmet restricted)
rElec  .         Reflect  .     (no cloak)
rCorr  .         Harm     .     (gloves unavailable)
MR     .....     NoTele   +     (boots unavailable)
Stlth  +.........               (no amulet)
                                (no ring)
                                (no ring)

@: very slow
A: unfitting armour, claws 3, fast metabolism 3, gourmand, regeneration 1,
shaggy fur 1, tough skin 2
a: Bend Time, Renounce Religion


You were in the Dungeon.
You worshipped Cheibriados.
Cheibriados was aware of your devotion.
You were full.

You visited 1 branch You collected 518 gold pieces.
You spent 149 gold pieces at shops.

Inventory:

Armour
 a - a +0 robe (worn)
 b - a +0 shield (worn)
Scrolls
 j - a scroll of blinking
 l - a scroll of enchant armour
Potions
 c - a potion of might
 e - a potion of curing {@q1}
 f - a potion of heal wounds
 g - a potion of haste
 h - 2 potions of magic
 i - a potion of berserk rage
 k - a potion of brilliance
 m - a potion of agility
Comestibles
 d - 2 bread rations


   Skills:
 - Level 2.4 Fighting
 - Level 7.3 Dodging
 - Level 10.4 Shields
 + Level 14.0 Unarmed Combat


You had 8 spell levels left.
You didn't know any spells.

Dungeon Overview and Level Annotations

Branches:
Dungeon (1/1)

Altars:
Cheibriados
Dithmenos
Elyvilon
Fedhas
Gozag
Hepliaklqana
Kikubaaqudgha
Nemelex Xobeh
Okawaru
Qazlal
Ru
Sif Muna
Trog
Uskayaw
Vehumet
Yredelemnul
Zin
The Shining One

Shops:
D (?


Innate Abilities, Weirdness & Mutations

You are too large for most types of armour.
You have claws for hands.
Your metabolism is lightning-fast.
You like to eat raw meat.
Your natural rate of healing is unusually fast.
You are covered in fur. (AC +1)
You have very tough skin. (AC +2)


Message History

You closely miss the centaur warrior. You block the centaur warrior's attack.
The centaur warrior completely misses you.
Unknown command.
You scratch the centaur warrior.
The centaur warrior is lightly wounded.
You block the centaur warrior's attack.
Unknown command.
You claw the centaur warrior!
The centaur warrior is moderately wounded.
The centaur warrior hits you!
* * * LOW HITPOINT WARNING * * *
Unknown command.
You barely miss the centaur warrior.
The centaur warrior is moderately wounded.
You block the centaur warrior's attack.
Unknown command.
You scratch the centaur warrior.
The centaur warrior is heavily wounded.
The centaur warrior hits you!
You die...

#############
#..').#..'..#
'..#..').#..+
#####'#####'# ####
####..#...#)####$§#
#__####..##§#§§§§c#
#_____##'#.§§§§§@.+
#_.∩...'..._#§§§§)#
#_..__##_.#+##+####
#_____###'# #(.(.#
#########.####'###
.......'...'.....+
++++####...#######
##.## #+#


You could see a centaur warrior.

Vanquished Creatures
  A centaur warrior (D)
  A deep troll (D)
  Sigmund (D)
  A yak (D)
  An ogre (D)
  A jelly (D)
  Ijyb (D)
7 creatures vanquished.

Vanquished Creatures (others)
  Sonja (D)
1 creature vanquished.

Grand Total: 8 creatures vanquished

Notes
Turn   | Place    | Note
-------+----------+-------------------------------------------
     0 | D        | varam the Troll Fighter began the quest for the Orb.
     0 | D        | Reached XP level 1. HP: 22/22 MP: 0/0
     1 | D        | Noticed Ijyb
     6 | D        | Killed Ijyb
     6 | D        | Reached skill level 5 in Unarmed Combat
     6 | D        | Reached XP level 2. HP: 29/29 MP: 1/1
    13 | D        | Noticed an ogre
    20 | D        | Killed an ogre
    20 | D        | Reached skill level 9 in Unarmed Combat
    20 | D        | Reached XP level 3. HP: 18/36 MP: 2/2
    20 | D        | Reached XP level 4. HP: 22/44 MP: 3/3
   169 | D        | Noticed Sigmund
   184 | D        | Killed Sigmund
   184 | D        | Reached XP level 5. HP: 29/50 MP: 4/4
   235 | D        | Found a deep blue altar of Sif Muna.
   237 | D        | Found a radiant altar of Vehumet.
   240 | D        | Reached XP level 6. HP: 59/59 MP: 5/5
   246 | D        | Found Xesavyru's Magic Scroll Emporium.
   246 | D        | Found an ancient bone altar of Kikubaaqudgha.
   246 | D        | Found a hazy altar of Hepliaklqana.
   246 | D        | Found a stormy altar of Qazlal.
   246 | D        | Found a hide-covered altar of Uskayaw.
   246 | D        | Found a blossoming altar of Fedhas.
   246 | D        | Found a bloodstained altar of Trog.
   246 | D        | Found an iron altar of Okawaru.
   246 | D        | Found a basalt altar of Yredelemnul.
   246 | D        | Found a glowing golden altar of the Shining One.
   246 | D        | Found a snail-covered altar of Cheibriados.
   246 | D        | Found a sacrificial altar of Ru.
   246 | D        | Found a glowing silver altar of Zin.
   246 | D        | Found a shadowy altar of Dithmenos.
   246 | D        | Found a white marble altar of Elyvilon.
   246 | D        | Noticed a yak
   251 | D        | Killed a yak
   252 | D        | Found an opulent altar of Gozag.
   255 | D        | Found a sparkling altar of Nemelex Xobeh.
   263 | D        | Became a worshipper of Cheibriados the Contemplative
   266 | D        | Bought a scroll of enchant armour for 97 gold pieces
   287 | D        | Noticed Sonja
   299 | D        | Killed Sonja
   299 | D        | Reached skill level 10 in Shields
   299 | D        | Reached XP level 7. HP: 31/66 MP: 6/6
   377 | D        | Found Dobluutz's Weapon Boutique.
   397 | D        | Noticed a deep troll
   405 | D        | Killed a deep troll
   405 | D        | Reached skill level 11 in Unarmed Combat
   405 | D        | Reached XP level 8. HP: 45/74 MP: 7/7
   473 | D        | Bought a scroll of identify for 26 gold pieces
   473 | D        | Bought a scroll of identify for 26 gold pieces
   486 | D        | Noticed a centaur warrior
   486 | D        | Noticed a centaur warrior
   491 | D        | Killed a centaur warrior
   491 | D        | Reached * piety under Cheibriados
   491 | D        | Reached skill level 14 in Unarmed Combat
   491 | D        | Reached XP level 9. HP: 21/80 MP: 8/8
   495 | D        | HP: 2/80 [centaur warrior (10)]
   497 | D        | Slain by a centaur warrior

Skill      XL: |  1  2  3  4  5  6  7  8 |
---------------+-------------------------+-----
Unarmed Combat | 5 9 11 14 | 14.0
Dodging        | 7 |  7.3
Shields        | 3 10 | 10.4
Fighting       | |  2.4

Action                   |  1- 3 |  4- 6 |  7- 9 || total
-------------------------+-------+-------+-------++-------
Melee: Unarmed           |    10 |    29 |    16 ||    55
  Use: Scroll            |       |       |     2 ||     2
  Eat: Chunk             |       |     7 |       ||     7
Armor: Robe              |     2 |     6 |     1 ||     9
Dodge: Dodged            |     2 |     6 |     4 ||    12
Block: Shield            |     2 |    20 |    13 ||    35
